 Dungeon Crawl Stone Soup version 0.31.0 (webtiles) character file.

Game seed: 7489962004901346128

1010 qw the Skirmisher (level 8, 0/51 HPs)
             Began as a Gargoyle Hunter on Jan 20, 2024.
             Killed from afar by an orc wizard (8 damage)
             ... with a puff of flame
             ... on level 5 of the Dungeon.
             The game lasted 00:00:19 (3198 turns).

qw the Skirmisher (Gargoyle Hunter)                 Turns: 3198, Time: 00:00:19

Health: 0/51       AC:  9    Str: 15    XL:     8   Next: 21%
Magic:  8/8        EV: 12    Int: 10    God:
Gold:   252        SH:  0    Dex: 17    Spells: 7/7 levels left

rFire   . . .        a - +0 shortbow (freeze)
rCold   . . .        (shield currently unavailable)
rNeg    + . .        h - +1 leather armour of Fugonyb {Dex+2}
rPois   inf          (no helmet)
rElec   +            (no cloak)
rCorr   .            (no gloves)
SInv    .            (no boots)
Will    .....        (no amulet)
Stlth   ++           (no ring)
HPRegen 0.28/turn    (no ring)
MPRegen 0.11/turn

%: no passive effects
@: no status effects
A: sickness immunity, AC +5, negative energy resistance 1, electricity
resistance, torment resistance 1, petrification resistance
a: no special abilities


You were on level 5 of the Dungeon.
You visited 1 branch of the dungeon, and saw 5 of its levels.

You collected 252 gold pieces.


Innate Abilities, Weirdness & Mutations

You are immune to sickness and miasma.
Your stone body is resilient. (AC +5)
You are immune to poison.
You resist negative energy. (rN+)
You are resistant to electric shocks. (rElec)
You are resistant to unholy torment.
You are immune to petrification.


   Skills:
 - Level 5.7 Fighting
 + Level 8.5 Ranged Weapons
 - Level 1.0 Armour
 - Level 2.3 Dodging
 - Level 1.1 Stealth


You had 7 spell levels left.
You didn't know any spells.
Your spell library was empty.

Inventory:

Hand Weapons
 a - a +0 shortbow of freezing (weapon)
Armour
 b - a +0 pair of gloves
 h - the +1 leather armour of Fugonyb (worn) {Dex+2}
   (You found it on level 3 of the Dungeon)

   Dex+2:     It affects your dexterity (+2).
 l - a +2 leather armour of fire resistance
Jewellery
 c - a +6 ring of dexterity
 g - a ring of see invisible
Wands
 i - a wand of polymorph (9)
 j - a wand of mindburst (4)
Scrolls
 e - a scroll of teleportation
Potions
 d - a potion of curing {unknown}
 f - a potion of mutation {unknown}
 k - a potion of magic {unknown}
 m - a potion of might {unknown}

Dungeon Overview and Level Annotations

Branches:
Dungeon (5/15)
 Temple: D:4-7

Altars:
Gozag
Hepliaklqana
Makhleb
Ru
Trog
Xom
Zin


Message History

The orc is almost dead.
The orc hits you but does no damage. Something barely misses you.
You shoot an arrow. The arrow barely misses the orc.
The orc closely misses you. Something hits you but does no damage.
You shoot an arrow. The arrow completely misses the orc.
The orc hits you but does no damage. Something hits you but does no damage.
You shoot an arrow. The arrow closely misses the orc.
The orc barely misses you. Something hits you but does no damage.
You shoot an arrow.
The arrow hits the orc but does no damage.
The orc is almost dead.
The orc hits you but does no damage.
You hear some strange, mumbled words.
A magic dart appears from out of thin air!
The magic dart hits you.
You shoot an arrow.
The arrow hits the orc but does no damage.
The orc is almost dead.
The orc hits you with a +0 whip. Something hits you but does no damage.
You shoot an arrow.
The arrow hits the orc but does no damage.
The orc is almost dead.
The orc closely misses you.
You hear some strange, mumbled words.
A puff of flame appears from out of thin air!
The puff of flame hits you.
You shoot an arrow. The arrow hits the orc.
The arrow freezes the orc.
You kill the orc!
Something hits you but does no damage.
3194 ||| FLEEEEING.
Something hits you.
Items here: ( )) [[.
You hear some strange, mumbled words.
A puff of flame appears from out of thin air!
The puff of flame hits you but does no damage.
A magic dart appears from out of thin air!
The magic dart hits you!
A puff of flame appears from out of thin air!
The puff of flame hits you!
You die...

#..........)..#
#....##¤¤.....#
#........####.#
#....####.#.###
########## #.#
#)...# #.#.# #.#
#....# #..># #.#
#....# ###.# #.#
#..).# #.# #.#
#..{.# #>#
#.####....######.#
#...@.....'......#
######....######.#
#....# ### ######


There were no monsters in sight!

Vanquished Creatures
  Eustachio (D:5)
  Duvessa (D:4)
  A black bear (D:5)
  An ogre (D:5)
  Blork the orc (D:4)
  Dowan (D:4)
  An orc priest (D:4)
  A bombardier beetle (D:4)
  A gnoll bouda (D:5)
  3 sleepcaps
  An iguana (D:5)
  Natasha (thrice) (D:4)
  2 orc wizards (D:5)
  2 adders
  3 gnolls (D:5)
  2 ufetubi (D:5)
  4 dart slugs
  3 ribbon worms
  13 orcs
  4 bats
  3 endoplasms
  2 giant cockroaches (D:2)
  5 goblins
  3 hobgoblins
  6 jackals
  A kobold (D:2)
  7 quokkas
  4 ball pythons
  5 frilled lizards
  4 rats
89 creatures vanquished.

Vanquished Creatures (others)
  2 orc wizards (D:5)
2 creatures vanquished.

Grand Total: 91 creatures vanquished

Notes
Turn   | Place    | Note
-------+----------+-------------------------------------------
     0 | D:1      | qw the Gargoyle Hunter began the quest for the Orb.
     0 | D:1      | Reached XP level 1. HP: 12/12 MP: 1/1
     0 | D:1      | 0 ||| qw: Version: 0.3-a-132-g3d54051
     0 | D:1      | 0 ||| qw: Game counter: 536
     0 | D:1      | 0 ||| qw: Melee chars always use a shield: true
     0 | D:1      | 0 ||| qw: God list: Okawaru
     0 | D:1      | 0 ||| qw: Allow faded altars: false
     0 | D:1      | 0 ||| qw: Do Orc after clearing Dungeon:15 true
     0 | D:1      | 0 ||| qw: Do second Lair branch before Depths: true
     0 | D:1      | 0 ||| qw: Lair rune preference: random
     0 | D:1      | 0 ||| qw: Goals: Normal
     0 | D:1      | 0 ||| PLANNING D:1-11
   154 | D:1      | Reached XP level 2. HP: 17/17 MP: 2/2
   549 | D:1      | Reached XP level 3. HP: 21/21 MP: 3/3
   678 | D:1      | 678 ||| READING scroll labelled GAMIPLOEZUKK.
   679 | D:1      | 679 ||| READING scroll labelled REIFOMO IZUJY.
   679 | D:1      | 679 ||| IDENTIFYING green potion
   680 | D:1      | 680 ||| READING scroll labelled FUTIOQO XINYP.
   681 | D:1      | 681 ||| READING scroll labelled FEPSUDDOFA WEHY.
   697 | D:1      | 697 ||| READING scroll labelled VITIDI FOZELO.
   697 | D:1      | 697 ||| BRANDING +0 shortbow.
   698 | D:1      | 698 ||| DROPPING scroll of butterflies.
   705 | D:2      | Reached skill level 5 in Ranged Weapons
  1194 | D:2      | Reached skill level 3 in Fighting
  1224 | D:2      | 1224 ||| READING 2 scrolls labelled TOUMMI TONT.
  1225 | D:2      | 1225 ||| DROPPING scroll of noise.
  1406 | D:3      | Reached XP level 4. HP: 28/28 MP: 4/4
  1621 | D:3      | Identified the +1 leather armour of Fugonyb {Dex+2}
  1697 | D:3      | Found a sacrificial altar of Ru.
  1748 | D:3      | Found a burning altar of Makhleb.
  1776 | D:3      | 1776 ||| UPGRADING to +1 leather armour of Fugonyb {Dex+2}.
  1786 | D:3      | 1786 ||| DROPPING +0 leather armour.
  1787 | D:3      | 1787 ||| READING scroll labelled IXAOGR KUGRYEKK.
  1788 | D:3      | 1788 ||| READING scroll labelled ESTITE AKLI.
  1788 | D:3      | 1788 ||| ENCHANTING +0 shortbow of freezing.
  1878 | D:4      | 1878 ||| FLEEEEING.
  1945 | D:4      | Noticed Natasha
  1948 | D:4      | Killed Natasha
  1949 | D:4      | Reached XP level 5. HP: 32/32 MP: 5/5
  1954 | D:4      | Noticed Natasha
  1958 | D:4      | 1958 ||| RETREEEEATING.
  1960 | D:4      | 1960 ||| RETREEEEATING.
  1962 | D:4      | 1962 ||| RETREEEEATING.
  1965 | D:4      | 1965 ||| RETREEEEATING.
  1971 | D:4      | Reached skill level 6 in Ranged Weapons
  1995 | D:4      | Killed Natasha
  1996 | D:4      | 1996 ||| FLEEEEING.
  2089 | D:4      | Noticed Dowan
  2089 | D:4      | Noticed Duvessa
  2090 | D:4      | 2090 ||| ZAPPING wand of mindburst (11) at 5,7 (Duvessa;
                  | floor).
  2091 | D:4      | 2091 ||| ZAPPING wand of mindburst (10) at 4,6 (Duvessa;
                  | floor).
  2092 | D:4      | 2092 ||| ZAPPING wand of mindburst (9) at 3,5 (Duvessa;
                  | floor).
  2092 | D:4      | Killed Duvessa
  2093 | D:4      | Reached XP level 6. HP: 38/38 MP: 6/6
  2100 | D:4      | HP: 9/38 [Dowan/+0 dagger of speed (6)]
  2101 | D:4      | 2101 ||| DRINKING 2 potions of heal wounds.
  2104 | D:4      | Killed Dowan
  2105 | D:4      | Reached skill level 7 in Ranged Weapons
  2105 | D:4      | 2105 ||| FLEEEEING.
  2135 | D:4      | Noticed Blork the orc
  2147 | D:4      | Killed Blork the orc
  2227 | D:4      | Noticed Natasha
  2229 | D:4      | Killed Natasha
  2230 | D:4      | Reached XP level 7. HP: 42/43 MP: 7/7
  2657 | D:4      | 2657 ||| READING 2 scrolls of identify.
  2657 | D:4      | 2657 ||| IDENTIFYING fuming black potion
  2658 | D:4      | 2658 ||| READING scroll of identify.
  2658 | D:4      | 2658 ||| IDENTIFYING emerald potion
  2659 | D:4      | 2659 ||| READING scroll labelled COEVORAT OTEU.
  2660 | D:4      | 2660 ||| FLEEEEING.
  2662 | D:4      | 2662 ||| READING scroll labelled GYSUGA GIOGE.
  2663 | D:4      | 2663 ||| DROPPING potion of ambrosia.
  2664 | D:4      | 2664 ||| DROPPING potion of brilliance.
  2688 | D:5      | Entered Level 5 of the Dungeon
  2730 | D:5      | Found an opulent altar of Gozag.
  2758 | D:5      | Reached skill level 8 in Ranged Weapons
  2765 | D:5      | Found a bloodstained altar of Trog.
  2784 | D:5      | Reached skill level 1 in Armour
  2859 | D:5      | Found a shimmering altar of Xom.
  2861 | D:5      | Noticed an angel
  2865 | D:5      | Found a glowing silver altar of Zin.
  2978 | D:5      | 2978 ||| FLEEEEING.
  2992 | D:5      | HP: 10/44 [gnoll bouda/+0 whip (3)]
  2993 | D:5      | 2993 ||| DRINKING potion of heal wounds.
  3095 | D:5      | Noticed Eustachio
  3096 | D:5      | 3096 ||| ZAPPING wand of mindburst (8) at -3,4 (Eustachio;
                  | floor).
  3098 | D:5      | 3098 ||| RETREEEEATING.
  3099 | D:5      | 3099 ||| ZAPPING wand of mindburst (7) at -1,2 (Eustachio;
                  | floor).
  3103 | D:5      | 3103 ||| ZAPPING wand of mindburst (6) at 0,1 (Eustachio;
                  | open_door).
  3104 | D:5      | 3104 ||| ZAPPING wand of mindburst (5) at 0,1 (Eustachio;
                  | open_door).
  3104 | D:5      | Killed Eustachio
  3105 | D:5      | Reached XP level 8. HP: 51/51 MP: 8/8
  3141 | D:5      | Found a hazy altar of Hepliaklqana.
  3194 | D:5      | 3194 ||| FLEEEEING.
  3196 | D:5      | HP: 8/51 [something/magic dart (9)]
  3198 | D:5      | Killed from afar by an orc wizard

Levels and vault maps discovered:
D:1:      evilmike_arrival_fibonacci_small, layout_basic
D:2:      layout_loops_cross
D:3:      layout_basic, nicolae_ru_awakened_eye, bloody_makhleb, nrook_campfire
D:4:      layout_basic, uniq_natasha, uniq_duvessa, uniq_blork_the_orc
D:5:      layout_basic, fedhas_bush_and_centaur_altar, amcnicky_altar_gilded,
          nicolae_gozag_cash_rules_everything_around_me,
          mainiacjoe_overflow_tiny_flanked,
          grunt_temple_overflow_order_and_chaos_1,
          minmay_temple_entry_nine_rooms, uniq_eustachio

Skill      XL: |  1  2  3  4  5  6  7 |
---------------+----------------------+-----
Ranged Weapons | 5 6 7 8 |  8.5
Fighting       | 3 4 5 |  5.7
Dodging        | 2 |  2.3
Armour         | 1 |  1.0
Stealth        | |  1.1

Action                     |  1- 3 |  4- 6 |  7- 9 || total
---------------------------+-------+-------+-------++-------
   Fire: Shortbow          |    96 |   104 |   135 ||   335
  Evoke: Wand              |       |     3 |     4 ||     7
    Use: Scroll            |     6 |     2 |     4 ||    12
         Potion            |       |     1 |     1 ||     2
 Armour: Leather armour    |    12 |    54 |    63 ||   129
  Dodge: Dodged            |    17 |    27 |    48 ||    92

Table legend:
 A = Non-vault XP
 B = Vault XP
 C = Vault XP percentage of total XP
 D = Non-vault monster count
 E = Vault monster count
 F = Vault count percentage of total count
                 A         B        C        D         E       F
            +---------+---------+-------+---------+---------+-------
      Total |     922 |     521 |  36.1 |      86 |       5 |   5.5
            +---------+---------+-------+---------+---------+-------
        D:1 |      38 |       0 |   0.0 |      21 |       0 |   0.0
        D:2 |      35 |       0 |   0.0 |      16 |       0 |   0.0
        D:3 |      23 |       0 |   0.0 |      11 |       0 |   0.0
        D:4 |     229 |     340 |  59.8 |      14 |       4 |  22.2
        D:5 |     597 |     181 |  23.3 |      24 |       1 |   4.0
            +---------+---------+-------+---------+---------+-------
